 Dungeon Crawl Stone Soup version 0.32-a0-42-ga30500b4d3 (webtiles) character file.

Game seed: 12372241027660134600

79520 lunkers the Earth Mage (level 16, 0/154 HPs)
             Began as a Formicid Earth Elementalist on Jan 30, 2024.
             Was the Champion of Jiyva.
             Killed by miscasting Stone Arrow (7 damage)
             ... on level 1 of the Shoals on Jan 31, 2024.
             The game lasted 00:45:31 (17240 turns).

lunkers the Earth Mage (FoEE)                      Turns: 17240, Time: 00:45:31

Health: 0/154      AC: 31    Str:  7    XL:     16   Next: 11%
Magic:  0/37       EV:  0    Int: 29    God:    Jiyva [******]
Gold:   1088       SH: 14    Dex: 22    Spells: 22/37 levels left

rFire   . . .        a - +6 dagger (venom)
rCold   . . .        C - +0 kite shield
rNeg    . . .        D - +10 plate armour of the Wilderness {+Blink rElec Will++ Str-4}
rPois   .            (helmet unavailable)
rElec   +            f - +2 cloak
rCorr   +            (no gloves)
SInv    +            (no boots)
Will    +++..        u - amulet of reflection Stlth
                     t - +6 ring of dexterity
HPRegen 2.05/turn    A - ring of wizardry
MPRegen 1.05/turn

%: reflection, wizardry (x1)
@: contaminated, glowing, very slow
A: permanent stasis, dig shafts and tunnels, antennae 3, four strong arms,
talons 1, agile 1, clever 2, high MP 2, robust 2, eyeballs 2, tendrils, jelly
sensing items, inability to read after injury 1
a: Dig, Shaft Self, Renounce Religion, Oozemancy, Slimify


You were on level 1 of the Shoals.
You worshipped Jiyva.
Jiyva was exalted by your worship.
You visited 4 branches of the dungeon, and saw 19 of its levels.
You also visited: Ossuary.

You collected 1088 gold pieces.

Inventory:

Hand Weapons
 a - a +6 dagger of venom (weapon)
 b - the +6 dagger of Makhleb's Reproof {heavy, rF+}
   (You found it on level 4 of the Lair of Beasts)

   rF+:       It protects you from fire.
 i - a +2 flail of draining
 x - a +1 scimitar of flaming
 B - a +0 morningstar of freezing
Missiles
 d - 12 boomerangs
 e - 5 javelins
 q - 3 throwing nets
 L - 3 curare-tipped darts
Armour
 f - a +2 cloak (worn)
 C - a +0 kite shield (worn)
 D - the +10 plate armour of the Wilderness (worn) {+Blink rElec Will++ Str-4}
   (You found it on level 9 of the Dungeon)

   Str-4:     It affects your strength (-4).
   rElec:     It insulates you from electricity.
   Will++:    It greatly increases your willpower.
   +Blink:    It lets you blink.
 G - a +2 hat of willpower
 H - a +2 leather armour of poison resistance
Jewellery
 r - an amulet of the acrobat
 t - a +6 ring of dexterity (left hand)
 u - an amulet of reflection (around neck)
 v - a +6 ring of dexterity
 A - a ring of wizardry (right hand)
 M - a ring of flight
Wands
 k - a wand of mindburst (8)
 l - a wand of quicksilver (4)
 w - a wand of charming (12)
 I - a wand of flame (23)
Scrolls
 c - a scroll of identify
 h - 3 scrolls of butterflies
 j - 4 scrolls of enchant armour
 m - a scroll of fog
 o - 2 scrolls of fear
 y - 2 scrolls of immolation
 F - 2 scrolls of torment
 O - a scroll of vulnerability
Potions
 g - 3 potions of brilliance
 n - a potion of invisibility
 p - a potion of enlightenment
 s - 4 potions of mutation
 z - a potion of resistance
 J - a potion of ambrosia
 K - a potion of magic
 N - a potion of might
Miscellaneous
 E - a sack of spiders


   Skills:
 + Level 12.9 Fighting
 - Level 18.0 Armour
 - Level 1.7 Dodging
 - Level 2.4 Stealth
 - Level 11.2 Spellcasting
 - Level 0.8 Conjurations
 - Level 18.0 Earth Magic


You had 22 spell levels left.
You knew the following spells:

 Your Spells              Type           Power      Damage    Failure   Level
a - Stone Arrow           Conj/Erth      100%       3d13      69%         3
b - Passwall              Erth           88%        N/A       3%          3
c - Sandblast             Erth           100%       2d20      1%          1
d - Brom's Barrelling Bo  Conj/Erth      63%        2d8       96%         4
e - Petrify               Alch/Erth      62%        N/A       98%         4

Your spell library contained the following spells:

 Spells                   Type           Power      Damage    Failure   Level
 Apportation              Tloc           32%        N/A       100%        1
 Necrotise                Necr           64%        1d7       100%        1
 Sting                    Conj/Alch      72%        1d7       100%        1
 Summon Small Mammal      Summ           64%        N/A       100%        1
 Call Imp                 Summ           32%        N/A       100%        2
 Sublimation of Blood     Necr           16%        N/A       100%        2
 Tukima's Dance           Hex            16%        N/A       100%        3
 Passage of Golubria      Tloc           16%        N/A       100%        4
 Arcjolt                  Conj/Air       9%         1d19      100%        5
 Yara's Violent Unravell  Hex/Alch       8%         3d5       100%        5
 Plasma Beam              Fire/Air       8%         2x1d18    100%        6
 Summon Hydra             Summ           8%         N/A       100%        7
 Vhi's Electric Charge    Tloc/Air       Unusable   N/A       N/A         4

Dungeon Overview and Level Annotations

Branches:
Dungeon (11/15)            Temple (0/1) D:5            Lair (5/5) D:9
 Shoals (1/4) Lair:2       Spider (0/4) Lair:3        Slime (0/5) Lair:5
    Orc (2/2) D:11            Elf (0/3) Orc:2       Ossuary (visited)

Altars:
Ashenzari
Cheibriados
Dithmenos
Elyvilon
Fedhas
Gozag
Hepliaklqana
Kikubaaqudgha
Makhleb
Ru
Xom
Zin
Jiyva

Shops:
D:5 (   Orc:2 ?([*=

Annotations:
D:6 1 runed translucent door
Lair:1 2 transporters


Innate Abilities, Weirdness & Mutations

You cannot be hasted, slowed, berserked, paralysed or teleported.
You can dig through walls and to a lower floor.
You have a pair of large antennae on your head. (SInv)
Your four strong arms can wield two-handed weapons with a shield.
You have sharp toenails.
You are agile. (Dex +4, Str/Int -1)
Your mind is very acute. (Int +8, Str/Dex -2)
You have a considerably increased reservoir of magic. (+20% MP)
You are very robust. (+20% HP)
Your body has grown many eyes which may confuse attackers. (Acc +5)
You are covered in slimy tendrils that may disarm your opponents.
You have a small jelly attached to you that senses nearby items.
You occasionally lose the ability to read scrolls when taking damage.


Message History

You fall into the shallow water.
Moving in this stuff is going to be slow.
The merfolk hits you but does no damage.
The jelly hits the merfolk but does no damage.
Unknown command.
Casting: Stone Arrow (dangerous; 69% risk of failure)
Confirm with . or Enter, or press ? or * to list all spells.
Aiming: Stone Arrow (dangerous; 69% risk of failure)
Press: ? - help, Shift-Dir - straight line, f/p - merfolk
Aim: a merfolk, wielding a +0 trident and quivering boomerangs (heavily wounded, 72% to hit)
You miscast Stone Arrow.
Nothing appears to happen.
* * * LOW MAGIC WARNING * * *
You block the merfolk's attack.
Unknown command.
Casting: Stone Arrow (dangerous; 69% risk of failure)
Confirm with . or Enter, or press ? or * to list all spells.
Aiming: Stone Arrow (dangerous; 69% risk of failure)
Press: ? - help, Shift-Dir - straight line, f/p - merfolk
Aim: a merfolk, wielding a +0 trident and quivering boomerangs (heavily wounded, 72% to hit)
You miscast Stone Arrow.
Nothing appears to happen.
* * * LOW MAGIC WARNING * * *
The merfolk hits you but does no damage.
Unknown command.
Casting: Stone Arrow (dangerous; 69% risk of failure)
Confirm with . or Enter, or press ? or * to list all spells.
Aiming: Stone Arrow (dangerous; 69% risk of failure)
Press: ? - help, Shift-Dir - straight line, f/p - merfolk
Aim: a merfolk, wielding a +0 trident and quivering boomerangs (heavily wounded, 72% to hit)
You miscast Stone Arrow.
Sparks fly from your hands!
* * * LOW HITPOINT WARNING * * *
* * * LOW MAGIC WARNING * * *
The merfolk hits you with a +0 trident!
* * * LOW HITPOINT WARNING * * *
Casting: Stone Arrow (dangerous; 69% risk of failure)
Confirm with . or Enter, or press ? or * to list all spells.
Aiming: Stone Arrow (dangerous; 69% risk of failure)
Press: ? - help, Shift-Dir - straight line, f/p - merfolk
Aim: a merfolk, wielding a +0 trident and quivering boomerangs (heavily wounded, 72% to hit)
You miscast Stone Arrow.
You are caught in a violent explosion!
You die...

≈≈≈≈≈≈≈≈≈≈≈≈≈≈≈≈~~
≈≈≈≈≈≈≈≈≈≈≈≈≈≈≈~~~~ ~.~~~
≈≈≈≈≈≈≈≈≈≈≈≈≈≈~~~~~~ ~.~~~~
≈≈≈≈≈≈≈≈≈≈≈≈~~~~~~~~ ..~..~
≈≈≈≈≈≈≈≈≈≈≈~~~~~~~~~~~~...~
≈≈≈≈≈≈≈≈≈≈~~~~~~~~~~~~~~...
~~≈≈≈≈≈≈≈~~~~...~~.~~~.....
~~.~~~~~~~J~.......~~..##..
~~~..#####m@~.......~~....~~
. #)##~.......~~~~~~~~
#~~##~......~~~~~~~.
#~~~#~~~~...~....~~.
#~~~##~~~~........~.
#~~~~##~~~..........
##~~~8#~~~~.....#...
##~~##~~~..##....~~ {
~~8#~~~~~...~~~~~


You could see a merfolk and a neutral jelly (wandering) (fellow slime).

Vanquished Creatures
  Gastronok (D:8)
  The ghost of cforsyth the Warrior, a journeyman DjRe of Yredelemnul (Orc:1)
  An orc warlord (Orc:2)
  A merfolk javelineer (Shoals:1)
  3 hydras
  2 catoblepae
  A centaur warrior (D:10)
  Erica (D:10)
  3 boulder beetles
  A satyr (Shoals:1)
  6 two-headed ogres
  11 death yaks
  2 orc high priests (Orc:2)
  Nergalle (D:10)
  A skyshark (Lair:4)
  2 sea snakes
  6 harpies
  3 orc knights (Orc:2)
  2 cyclopes
  3 orc sorcerers (Orc:2)
  Maurice (D:10)
  A wolf spider (Lair:5)
  A faun (Shoals:1)
  A manticore (D:10)
  8 elephants
  A guardian serpent (Lair:5)
  Joseph (D:7)
  7 black mambas
  A kobold blastminer (Orc:2)
  23 cane toads
  A gargoyle (D:10)
  4 rime drakes
  11 komodo dragons
  A polar bear (Lair:4)
  10 merfolk
  A wind drake (Shoals:1)
  3 trolls
  6 hornets
  8 dream sheep
  11 blink frogs
  A culicivora (Lair:3)
  A jumping spider (Lair:3)
  2 wraiths
  8 wyverns (Lair:5)
  A basilisk (Lair:1)
  3 water elementals (Shoals:1)
  68 yaks
  2 wargs
  A steam dragon (D:5)
  Menkaure (Ossuary)
  An acid dragon (shapeshifter) (D:10)
  23 water moccasins
  A laughing skull (D:10)
  An ice beast (D:6)
  33 orc warriors
  3 black bears
  A sky beast (D:7)
  12 wolves
  4 ogres
  A boggart (D:10)
  9 centaurs
  A phantom (D:4)
  4 kobold brigands
  7 bullfrogs
  An elf zombie (Ossuary)
  3 scorpions
  3 gnoll sergeants
  4 wights (D:6)
  5 killer bees (D:10)
  3 howler monkeys
  A bombardier beetle (D:4)
  2 electric eels
  4 hounds (D:4)
  4 centaur zombies (Ossuary)
  2 gnoll boudas (D:6)
  19 orc priests
  Jessica (D:3)
  4 iguanas
  36 orc wizards
  An ogre zombie (Ossuary)
  7 mummies
  20 gnolls
  9 adders
  2 shadow imps
  3 adder zombies (Ossuary)
  3 dart slugs (D:1)
  A ribbon worm (D:2)
  90 orcs
  7 ball pythons
  5 bats
  6 endoplasms
  4 giant cockroaches
  A gnoll zombie (Ossuary)
  6 goblins
  3 hobgoblins
  7 jackals
  5 quokkas
  4 frilled lizards
  2 goblin zombies (Ossuary)
  2 hobgoblin zombies (Ossuary)
  21 kobolds
  3 kobold zombies (Ossuary)
  An orc zombie (Ossuary)
  6 quokka zombies (Ossuary)
  4 rats
  3 rat zombies (Ossuary)
660 creatures vanquished.

Vanquished Creatures (collateral kills)
  A rime drake (Lair:3)
  A yak (Lair:3)
  2 boulders
4 creatures vanquished.

Vanquished Creatures (others)
  2 orc high priests (Orc:2)
  A meliai (D:10)
  A gargoyle (D:11)
  3 yaks
  A water moccasin (Lair:2)
  2 orc warriors (Orc:2)
  3 wolves
  A centaur (D:11)
  A gnoll sergeant (D:7)
  103 jellies
  7 orc priests
  2 hounds
  An iguana (D:7)
  7 orc wizards
  2 ufetubi (D:5)
  An adder zombie (Ossuary)
  8 endoplasms
  A ribbon worm (D:3)
  26 orcs
  A giant cockroach (D:3)
  A goblin (D:4)
  A hobgoblin (D:3)
  A frilled lizard (D:3)
  2 goblin zombies (Ossuary)
  A rat (D:3)
180 creatures vanquished.

Grand Total: 844 creatures vanquished

Notes
Turn   | Place    | Note
-------+----------+-------------------------------------------
     0 | D:1      | lunkers the Formicid Earth Elementalist began the quest for
                  | the Orb.
     0 | D:1      | Reached XP level 1. HP: 13/13 MP: 3/3
   125 | D:1      | Reached XP level 2. HP: 19/19 MP: 0/5
   465 | D:1      | Reached XP level 3. HP: 24/24 MP: 3/6
  1103 | D:2      | Reached skill level 5 in Earth Magic
  1175 | D:2      | Reached XP level 4. HP: 30/30 MP: 6/8
  1646 | D:2      | Found a faded altar of an unknown god.
  2139 | D:2      | Prayed at the altar of an unknown god.
  2139 | D:2      | Became a worshipper of Jiyva Jeloreus the Shapeless
  2139 | D:2      | Reached * piety under Jiyva
  2204 | D:3      | Found an opulent altar of Gozag.
  2204 | D:3      | Found a sacrificial altar of Ru.
  2205 | D:3      | Found a hazy altar of Hepliaklqana.
  2205 | D:3      | Found a blossoming altar of Fedhas.
  2280 | D:3      | Reached XP level 5. HP: 35/35 MP: 9/9
  2327 | D:3      | Found a shadowy altar of Dithmenos.
  2547 | D:3      | Reached ** piety under Jiyva
  2738 | D:3      | Noticed Jessica
  2740 | D:3      | Killed Jessica
  2803 | D:4      | Noticed an ogre
  2806 | D:4      | Killed an ogre
  2806 | D:4      | Noticed an ogre
  2807 | D:4      | Reached XP level 6. HP: 41/41 MP: 9/11
  2813 | D:4      | Killed an ogre
  2895 | D:4      | Reached XP level 7. HP: 46/46 MP: 13/13
  2919 | D:4      | Found a glowing silver altar of Zin.
  3007 | D:4      | Learned a level 3 spell: Passwall
  3011 | D:4      | Learned a level 3 spell: Stone Arrow
  3027 | D:4      | Reached skill level 5 in Spellcasting
  3066 | D:4      | Reached *** piety under Jiyva
  3128 | D:4      | Gained mutation: You are robust. (+10% HP) [Jiyva's grace]
  3128 | D:4      | Gained mutation: You are very robust. (+20% HP) [Jiyva's
                  | grace]
  3128 | D:4      | Gained mutation: You are extremely robust. (+30% HP)
                  | [Jiyva's grace]
  3128 | D:4      | Gained mutation: Armour fits poorly on your pseudopods.
                  | [Jiyva's grace]
  3245 | D:4      | Reached XP level 8. HP: 52/67 MP: 15/15
  3506 | D:5      | Entered Level 5 of the Dungeon
  3551 | D:5      | Learned a level 4 spell: Brom's Barrelling Boulder
  3556 | D:5      | Learned a level 4 spell: Petrify
  3656 | D:5      | Found a sand-covered staircase.
  3665 | Ossuary  | Entered an ossuary
  3683 | Ossuary  | Reached **** piety under Jiyva
  3772 | Ossuary  | Reached skill level 10 in Earth Magic
  3925 | Ossuary  | Noticed Menkaure
  3929 | Ossuary  | Killed Menkaure
  3942 | Ossuary  | Reached XP level 9. HP: 51/74 MP: 18/18
  4059 | D:5      | Found Kygos's Antique Weapon Shop.
  4087 | D:5      | Found a staircase to the Ecumenical Temple.
  4629 | D:6      | Reached ***** piety under Jiyva
  4665 | D:6      | Identified the +2 chain mail "Forget-Me-Not" {rN+}
  4783 | D:6      | Lost mutation: You are extremely robust. (+30% HP) [Jiyva's
                  | grace]
  4783 | D:6      | Lost mutation: You are very robust. (+20% HP) [Jiyva's
                  | grace]
  4783 | D:6      | Gained mutation: You expend magic power (3 MP) to
                  | strengthen your wands. [Jiyva's grace]
  4783 | D:6      | Gained mutation: You have a small jelly attached to you
                  | that senses nearby items. [Jiyva's grace]
  4783 | D:6      | Gained mutation: You have sharp toenails. [Jiyva's grace]
  4783 | D:6      | Gained mutation: You have razor-sharp toenails. [Jiyva's
                  | grace]
  4807 | D:6      | Found a runed translucent door.
  5318 | D:6      | Found a runed translucent door.
  5553 | D:7      | Found a snail-covered altar of Cheibriados.
  5596 | D:7      | Noticed Joseph
  5600 | D:7      | Killed Joseph
  5601 | D:7      | Reached XP level 10. HP: 34/69 MP: 18/22
  6122 | D:7      | Found an ancient bone altar of Kikubaaqudgha.
  6384 | D:8      | Found a burning altar of Makhleb.
  6544 | D:8      | Noticed Gastronok
  6551 | D:8      | Killed Gastronok
  6552 | D:8      | Reached skill level 15 in Earth Magic
  6872 | D:9      | Identified the +10 plate armour of the Wilderness {+Blink
                  | rElec Will++ Str-4}
  6946 | D:9      | Found a staircase to the Lair.
  6968 | D:9      | Lost mutation: You have razor-sharp toenails. [Jiyva's
                  | grace]
  6968 | D:9      | Lost mutation: Armour fits poorly on your pseudopods.
                  | [Jiyva's grace]
  6968 | D:9      | Lost mutation: You have a small jelly attached to you that
                  | senses nearby items. [Jiyva's grace]
  6968 | D:9      | Gained mutation: Your mind is acute. (Int +4, Str/Dex -1)
                  | [Jiyva's grace]
  6968 | D:9      | Gained mutation: Your mind is very acute. (Int +8, Str/Dex
                  | -2) [Jiyva's grace]
  6968 | D:9      | Gained mutation: You have razor-sharp toenails. [Jiyva's
                  | grace]
  6968 | D:9      | Gained mutation: You have claws for feet. [Jiyva's grace]
  6975 | D:9      | Reached ****** piety under Jiyva
  7180 | D:9      | Reached XP level 11. HP: 74/74 MP: 24/24
  7537 | D:9      | Found a shimmering altar of Xom.
  7540 | D:9      | Found a white marble altar of Elyvilon.
  7661 | D:9      | Noticed a two-headed ogre
  7664 | D:9      | Killed a two-headed ogre
  7665 | D:9      | Reached skill level 10 in Spellcasting
  7990 | Lair:1   | Entered Level 1 of the Lair of Beasts
  8059 | Lair:1   | Lost mutation: You have claws for feet. [Jiyva's grace]
  8059 | Lair:1   | Lost mutation: You expend magic power (3 MP) to strengthen
                  | your wands. [Jiyva's grace]
  8059 | Lair:1   | Gained mutation: You are agile. (Dex +4, Str/Int -1)
                  | [Jiyva's grace]
  8059 | Lair:1   | Gained mutation: You are very agile. (Dex +8, Str/Int -2)
                  | [Jiyva's grace]
  8059 | Lair:1   | Gained mutation: You have hidden genetic potential.
                  | [Jiyva's grace]
  8059 | Lair:1   | Gained mutation: You have great hidden genetic potential.
                  | [Jiyva's grace]
  8240 | Lair:1   | Found a transporter.
  8426 | Lair:1   | Found a transporter.
  8688 | Lair:1   | Noticed a fire crab
  8891 | Lair:2   | Reached XP level 12. HP: 81/81 MP: 26/26
  9250 | Lair:2   | Found a staircase to the Shoals.
  9259 | Lair:2   | Noticed a catoblepas
  9351 | Lair:1   | Gained mutation: Your muscles are strong. (Str +4, Int/Dex
                  | -1) [hidden potential]
  9357 | Lair:1   | Reached skill level 5 in Fighting
  9674 | Lair:2   | Killed a catoblepas
 10132 | Lair:3   | Lost mutation: You are very agile. (Dex +8, Str/Int -2)
                  | [Jiyva's grace]
 10132 | Lair:3   | Lost mutation: Your muscles are strong. (Str +4, Int/Dex
                  | -1) [Jiyva's grace]
 10132 | Lair:3   | Lost mutation: You have great hidden genetic potential.
                  | [Jiyva's grace]
 10132 | Lair:3   | Gained mutation: You have a small jelly attached to you
                  | that senses nearby items. [Jiyva's grace]
 10132 | Lair:3   | Gained mutation: Your movements are slightly less
                  | encumbered by armour. (ER -2) [Jiyva's grace]
 10132 | Lair:3   | Gained mutation: Your movements are less encumbered by
                  | armour. (ER -4) [Jiyva's grace]
 10132 | Lair:3   | Gained mutation: Your movements are significantly less
                  | encumbered by armour. (ER -6) [Jiyva's grace]
 10229 | Lair:3   | Reached skill level 1 in Armour
 10285 | Lair:3   | Reached XP level 13. HP: 88/110 MP: 28/28
 10517 | Lair:3   | Found a hole to the Spider Nest.
 11000 | Lair:4   | Reached skill level 10 in Fighting
 11000 | Lair:4   | Reached skill level 5 in Armour
 11248 | Lair:4   | Identified the +6 dagger of Makhleb's Reproof {heavy, rF+}
 11467 | Lair:4   | Noticed a seven-headed hydra
 11475 | Lair:4   | Killed a seven-headed hydra
 11538 | Lair:4   | Reached skill level 10 in Armour
 11782 | Lair:4   | Noticed a seven-headed hydra
 11791 | Lair:4   | Killed a seven-headed hydra
 11802 | Lair:5   | Entered Level 5 of the Lair of Beasts
 11802 | Lair:5   | Noticed a five-headed hydra
 11905 | Lair:5   | Reached XP level 14. HP: 121/121 MP: 23/29
 12101 | Lair:5   | Gained mutation: Your muscles are strong. (Str +4, Int/Dex
                  | -1) [hidden potential]
 12101 | Lair:5   | Lost mutation: You have hidden genetic potential. [hidden
                  | potential expressed]
 12323 | Lair:5   | Lost mutation: You have a small jelly attached to you that
                  | senses nearby items. [Jiyva's grace]
 12323 | Lair:5   | Lost mutation: Your movements are significantly less
                  | encumbered by armour. (ER -6) [Jiyva's grace]
 12323 | Lair:5   | Lost mutation: Your movements are less encumbered by
                  | armour. (ER -4) [Jiyva's grace]
 12323 | Lair:5   | Gained mutation: You are very robust. (+20% HP) [Jiyva's
                  | grace]
 12323 | Lair:5   | Gained mutation: You are extremely robust. (+30% HP)
                  | [Jiyva's grace]
 12323 | Lair:5   | Gained mutation: You have a small jelly attached to you
                  | that senses nearby items. [Jiyva's grace]
 12323 | Lair:5   | Gained mutation: You are partially covered in iridescent
                  | scales. (AC +2) [Jiyva's grace]
 12867 | Lair:5   | Found a staircase to the Slime Pits.
 12902 | Lair:5   | Reached skill level 15 in Armour
 13134 | Lair:5   | Reached XP level 15. HP: 146/149 MP: 13/30
 13700 | D:10     | Entered Level 10 of the Dungeon
 13842 | D:10     | Found a broken altar of Ashenzari.
 13842 | D:10     | Noticed Maurice
 13987 | D:10     | Killed Maurice
 14034 | D:10     | Noticed Erica
 14041 | D:10     | Killed Erica
 14189 | D:10     | Noticed Nergalle
 14210 | D:10     | Killed Nergalle
 14775 | D:11     | Gained mutation: You have claws for feet. [Jiyva's grace]
 14775 | D:11     | Gained mutation: You are covered in slimy tendrils that may
                  | disarm your opponents. [Jiyva's grace]
 14775 | D:11     | Gained mutation: You have an increased reservoir of magic.
                  | (+10% MP) [Jiyva's grace]
 14775 | D:11     | Gained mutation: You have a considerably increased
                  | reservoir of magic. (+20% MP) [Jiyva's grace]
 15090 | D:11     | Found a staircase to the Orcish Mines.
 15273 | Orc:1    | Entered Level 1 of the Orcish Mines
 15410 | Orc:2    | Entered Level 2 of the Orcish Mines
 15521 | Orc:2    | Found Ohelaun's Magic Scroll Boutique.
 15722 | Orc:2    | Found a staircase to the Elven Halls.
 15855 | Orc:1    | Found a runed translucent door.
 15855 | Orc:1    | Noticed cforsyth's ghost (journeyman DjRe)
 16024 | Orc:1    | Killed cforsyth's ghost
 16189 | Orc:2    | Noticed an orc warlord
 16207 | Orc:2    | Killed an orc warlord
 16339 | Orc:2    | Found Koukhupt's General Store.
 16341 | Orc:2    | Found Qorowk's Jewellery Boutique.
 16343 | Orc:2    | Found Ladditeq's Antique Armour Shop.
 16343 | Orc:2    | Found Amennualunt's Antique Weapon Shop.
 16737 | Shoals:1 | Entered Level 1 of the Shoals
 16940 | Shoals:1 | Reached XP level 16. HP: 140/165 MP: 17/37
 17053 | Shoals:1 | Lost mutation: You have claws for feet. [Jiyva's grace]
 17053 | Shoals:1 | Lost mutation: You have razor-sharp toenails. [Jiyva's
                  | grace]
 17053 | Shoals:1 | Lost mutation: You are partially covered in iridescent
                  | scales. (AC +2) [Jiyva's grace]
 17053 | Shoals:1 | Lost mutation: You are extremely robust. (+30% HP) [Jiyva's
                  | grace]
 17053 | Shoals:1 | Lost mutation: You are very robust. (+20% HP) [Jiyva's
                  | grace]
 17053 | Shoals:1 | Lost mutation: Your muscles are strong. (Str +4, Int/Dex
                  | -1) [Jiyva's grace]
 17053 | Shoals:1 | Lost mutation: Your movements are slightly less encumbered
                  | by armour. (ER -2) [Jiyva's grace]
 17053 | Shoals:1 | Gained mutation: You are very robust. (+20% HP) [Jiyva's
                  | grace]
 17053 | Shoals:1 | Gained mutation: You are extremely robust. (+30% HP)
                  | [Jiyva's grace]
 17053 | Shoals:1 | Gained mutation: Your body has grown eyes which may confuse
                  | attackers. (Acc +3) [Jiyva's grace]
 17053 | Shoals:1 | Gained mutation: Your body has grown many eyes which may
                  | confuse attackers. (Acc +5) [Jiyva's grace]
 17183 | Shoals:1 | Lost mutation: You are extremely robust. (+30% HP)
                  | [mutagenic glow]
 17221 | Shoals:1 | Gained mutation: You occasionally lose the ability to read
                  | scrolls when taking damage. [mutagenic glow]
 17239 | Shoals:1 | HP: 7/154 [merfolk/+0 trident (17)]
 17240 | Shoals:1 | Killed by miscasting Stone Arrow

Illustrated notes

Levels and vault maps discovered:
D:1:      dpeg_arrival_erosion, layout_loops_ring, chequers_decorated_corner,
          minmay_tromino_v2
D:2:      layout_basic, basic_ecumenical_altar
D:3:      layout_loops_cross, nicolae_dithmenos_through_a_glass_darkly,
          chequers_temple_overflow_statue_of_worship, serial_glass,
          glass_columns_a, glass_columns_c, chequers_serial_rivers_large_a,
          uniq_jessica
D:4:      layout_gridville, zin_statuary
D:5:      layout_gridville, minmay_temple_entry_gardened_gates,
          gup_ossuary_entry_pyramid, serial_shops, shop
D:6:      layout_loops_ring, lightli_church_of_beogh
D:7:      lemuel_slime, layout_gridville, nicolae_kikubaaqudgha_miasma_corner,
          cheibriados_altar_1, minivault_22, hangedman_abyss_or_decor_stabs,
          uniq_joseph
D:8:      layout_basic, roadster_trireme, uniq_gastronok
D:9:      minmay_flawed_box, layout_stronghold, jmf_multi_god_temple2,
          lair_entry_dummy
D:10:     minmay_the_grid_four_pointed_star_mashed
          [minmay_the_grid_triangle_9x9_impossible_snake,
          minmay_the_grid_triangle_9x9_shrine,
          minmay_the_grid_triangle_9x9_warning,
          minmay_the_grid_triangle_9x9_from_above,
          minmay_the_grid_prize_four_corners_diamond_a], layout_loops_ring,
          ashenzari_conservatory_becter, uniq_maurice, uniq_erica, uniq_nergalle
D:11:     layout_rooms, hiddenorc1_lemuel
Lair:1:   gammafunk_cloud_chamber, layout_concentric_octagons,
          serial_bayou_shore_a
Lair:2:   layout_cave_pods, nicolae_shoals_entry_roost, beast_lair_carwin_4,
          grunt_megastairs_2
Lair:3:   layout_hall_layers, spider_nest_entry_funnel_web,
          grunt_forest_small_clearings
Lair:4:   beast_lair_carwin_large_3, layout_misc_corridors
Lair:5:   hangedman_lair_tendril_chambers, layout_cellular_growth,
          slime_entry_1, infiniplex_staircase_pool, lemuel_fruit_fields
Shoals:1: cheibrodos_shoals_oceanic_diplomacy, layout_shoals, serial_shops,
          nicolae_square_shop, nicolae_tricolors
Orc:1:    layout_diamond_mine, hellmonk_ghost_happy_afterlife
Orc:2:    st_orc_congregation, layout_caves, serial_shops, shop,
          lightli_orcish_oven

Skill      XL: |  1  2  3  4  5  6  7  8  9 10 11 12 13 14 15 |
---------------+----------------------------------------------+-----
Earth Magic    | 4 5 6 7 8 10 13 15 17 18 | 18.0
Spellcasting   | 3 4 5 6 8 9 10 11 | 11.2
Fighting       | 8 10 12 | 12.9
Armour         | 2 10 15 18 | 18.0
Dodging        | |  1.7
Stealth        | |  2.4
Conjurations   | |  0.8

Action                     |  1- 3 |  4- 6 |  7- 9 | 10-12 | 13-15 | 16-18 || total
---------------------------+-------+-------+-------+-------+-------+-------++-------
  Melee: Unarmed           |    16 |       |       |       |       |       ||    16
         Whip              |     3 |       |       |       |       |       ||     3
         Flail             |       |       |     6 |     3 |     7 |       ||    16
         Kick              |       |       |     1 |     1 |   101 |     8 ||   111
         Pseudopods        |       |       |     1 |       |       |       ||     1
         Dagger            |       |       |       |       |   212 |    15 ||   227
   Cast: Sandblast         |    45 |    52 |   210 |   237 |    63 |       ||   607
         Stone Arrow       |       |       |     1 |    89 |   621 |    26 ||   737
         Brom's Barrelling |       |       |       |     1 |     2 |       ||     3
         Passwall          |       |       |       |     2 |       |       ||     2
 Invoke: Oozemancy         |       |       |       |       |     2 |       ||     2
  Evoke: Wand              |       |       |       |       |     8 |       ||     8
    Use: Scroll            |       |     5 |     6 |     6 |     3 |     1 ||    21
         Potion            |       |       |       |       |     1 |       ||     1
   Stab: Distracted        |       |       |       |       |     1 |       ||     1
         Confused          |       |       |       |       |       |     1 ||     1
 Armour: Robe              |    17 |    11 |    95 |    33 |       |       ||   156
         Leather armour    |       |       |       |   111 |    97 |       ||   208
         Plate armour      |       |       |       |       |   552 |    86 ||   638
  Dodge: Dodged            |    24 |    14 |    73 |    77 |   117 |     2 ||   307
  Block: Kite shield       |       |       |       |   201 |   592 |    53 ||   846
         Reflection        |       |       |       |     5 |    27 |     7 ||    39
         Other             |       |       |       |     4 |       |       ||     4

Table legend: (Time is in decaauts)
 A = Elapsed time spent in this place.
 B = Non-inter-level travel time spent in this place.
 C = Inter-level travel time spent in this place.
 D = Time resting spent in this place.
 E = Time spent auto-exploring this place.
 F = Levels seen in this place.
 G = Mean time per level.
                   A        B        C        D        E       F      G
               +--------+--------+--------+--------+--------+-----+--------+
         Total |  17707 |  16729 |    978 |    145 |  12339 |  20 |  885.3 |
       Dungeon |   9546 |   9041 |    505 |    100 |   7287 |  11 |  867.8 |
          Lair |   6051 |   5706 |    345 |     45 |   3958 |   5 | 1210.2 |
        Shoals |    441 |    441 |      0 |      0 |    223 |   1 |  441.0 |
  Orcish Mines |   1304 |   1177 |    127 |      0 |    700 |   2 |  652.0 |
       Ossuary |    364 |    364 |      0 |      0 |    170 |   1 |  364.0 |
               +--------+--------+--------+--------+--------+-----+--------+

Top non-repeatable levels by time:
  Lair:5: 1826 daAuts
  Lair:2: 1221 daAuts
  Lair:1: 1198 daAuts
     D:9: 1190 daAuts
     D:2: 1161 daAuts
     D:1: 1036 daAuts
    D:10: 1013 daAuts
     D:6: 977 daAuts
  Lair:3: 929 daAuts
  Lair:4: 874 daAuts
   Orc:2: 839 daAuts
     D:7: 771 daAuts
     D:5: 761 daAuts
     D:4: 738 daAuts
    D:11: 656 daAuts
